 Dungeon Crawl Stone Soup version 0.30-a0-371-gad7725a93e (webtiles) character file.

Game seed: 12827412132800396282

2145 McGhostyFace the Magician (level 9, 0/60 (68) HPs)
             Began as a Gnoll Wanderer on Nov 22, 2022.
             Slain by a wight
             ... wielding a +5 war axe
              (1 damage)
             ... on level 6 of the Dungeon.
             The game lasted 00:16:26 (6293 turns).

McGhostyFace the Magician (Gnoll Wanderer)          Turns: 6293, Time: 00:16:26

HP:   0/60 (68)     AC:  6    Str: 11    XL:     9   Next: 31%
MP:   19/19         EV: 10    Int: 13    God:
Gold: 231           SH: 10    Dex: 15    Spells: 20/21 levels left

rFire   . . .      SeeInvis .    u - +3 whip (drain)
rCold   . . .      Faith    .    z - +1 kite shield "Uliciwke" {+Blink rN+}
rNeg    + . .      Spirit   .    b - +0 ring mail
rPois   .          Reflect  .    (no helmet)
rElec   .          Harm     .    (no cloak)
rCorr   .          Rampage  .    (no gloves)
Will    .....                    (no boots)
Stlth   ++........               (no amulet)
HPRegen 0.30/turn                (no ring)
MPRegen 0.16/turn                (no ring)

@: heavily drained
A: fangs 1, strong nose, distributed training
a: Evoke Blink


You were on level 6 of the Dungeon.
You visited 2 branches of the dungeon, and saw 8 of its levels.

You collected 291 gold pieces.
You spent 60 gold pieces at shops.

Inventory:

Hand Weapons
 a - a +0 sling
 r - a +0 rapier
 u - a +3 whip of draining (weapon)
Missiles
 x - a throwing net
 A - 2 curare-tipped darts
Armour
 b - a +0 ring mail (worn)
 w - a +0 buckler
 z - the +1 kite shield "Uliciwke" (worn) {+Blink rN+}
   (You found it on level 5 of the Dungeon)

   rN:        It protects you from negative energy.
   +Blink:    It lets you blink.
Jewellery
 e - an amulet of faith
 y - the Hermit's Pendant {Faith Invo=14 Evo=0 MP+5}
   (You found it on level 5 of the Dungeon)

   [amulet of faith]

   It sets your invocations skill to 14 and your evocations skill to 0.
   It allows you to gain divine favour quickly.
   MP:        It affects your magic capacity (+5).
Wands
 k - a wand of mindburst (11)
Scrolls
 c - a scroll of summoning
 f - 2 scrolls of teleportation {unknown}
 g - a scroll of magic mapping {unknown}
 h - 5 scrolls of identify {unknown}
 i - 2 scrolls of immolation {unknown}
 j - a scroll of torment {unknown}
 m - a scroll of vulnerability {unknown}
 s - a scroll of fear {unknown}
 t - a scroll of fog {unknown}
 v - 2 scrolls of enchant armour {unknown}
 B - a scroll of noise {unknown}
 C - a scroll of poison {unknown}
Potions
 d - 2 potions of mutation {unknown}
 l - a potion of flight {unknown}
 n - a potion of cancellation {unknown}
 o - 2 potions of brilliance {unknown}
 p - a potion of lignification {unknown}
 q - a potion of curing {unknown}
 D - a potion of ambrosia {unknown}


   Skills:
 + Level 5.0 Fighting
 + Level 4.2 Short Blades
 + Level 4.2 Long Blades
 + Level 4.2 Axes
 + Level 4.2 Maces & Flails
 + Level 4.2 Polearms
 + Level 4.2 Staves
 + Level 6.3 Ranged Weapons
 + Level 4.2 Throwing
 + Level 6.3 Armour
 + Level 4.2 Dodging
 + Level 4.2 Stealth
 + Level 4.2 Shields
 + Level 4.2 Unarmed Combat
 + Level 6.6 Spellcasting
 + Level 3.5 Conjurations
 + Level 3.5 Hexes
 + Level 3.5 Summonings
 + Level 3.5 Necromancy
 + Level 3.5 Translocations
 + Level 3.5 Transmutations
 + Level 3.5 Fire Magic
 + Level 3.5 Ice Magic
 + Level 3.5 Air Magic
 + Level 6.5 Earth Magic
 + Level 3.5 Poison Magic
 + Level 4.7 Invocations
 + Level 4.2 Evocations


You had 20 spell levels left.
You knew the following spells:

 Your Spells              Type           Power      Damage    Failure   Level
a - Sandblast             Erth           42%        2d11      7%          1

Your spell library contained the following spells:

 Spells                   Type           Power      Damage    Failure   Level
 Apportation              Tloc           26%        N/A       24%         1
 Stone Arrow              Conj/Erth      34%        3d9       36%         3
 Inner Flame              Hex/Fire       13%        N/A       56%         3
 Animate Armour           Summ/Erth      34%        N/A       77%         4
 Cause Fear               Hex            6%         N/A       93%         4
 Alistair's Intoxication  Tmut/Pois      8%         N/A       100%        5
 Discord                  Hex            6%         N/A       100%        8


Dungeon Overview and Level Annotations

Branches:
Dungeon (7/15)             Temple (1/1) D:6

Altars:
Ashenzari
Cheibriados
Dithmenos
Elyvilon
Gozag
Hepliaklqana
Kikubaaqudgha
Makhleb
Okawaru
Qazlal
Ru
Sif Muna
Trog
Uskayaw
Wu Jian
Xom
Zin
The Shining One

Shops:
D:1 ?   D:2 !

Annotations:
D:5 Prince Ribbit
D:6 2 transporters, GiantSquids's ghost, novice DrGl


Innate Abilities, Weirdness & Mutations

You have very sharp teeth.
Your uncanny sense of smell can sniff out nearby items.
Your experience applies equally to all skills.


Message History

You start resting.
Magic restored.
Things that are here:
a +0 dire flail; a +0 robe You start resting.
HP restored.
There is a stone staircase leading down, spattered with blood here.
You climb downwards.
You block the wight's attack.
There is a stone staircase leading up here.
The wight misses you.
You climb upwards.
Level annotation: 2 transporters, GiantSquids's ghost, novice DrGl
There is a stone staircase leading down, spattered with blood here.
You hit the wight.
The wight is moderately damaged.
The wight hits you with a +5 war axe. You partially resist.
You feel drained.
You barely miss the wight.
The wight is moderately damaged.
The wight hits you with a +5 war axe.
You hit the wight but do no damage.
The wight is moderately damaged.
The wight hits you with a +5 war axe! You partially resist.
You feel drained.
You hit the wight. Your bite misses the wight.
The wight is heavily damaged.
The wight hits you with a +5 war axe.
You hit the wight.
The wight is heavily damaged.
The wight hits you with a +5 war axe! You partially resist.
You feel drained.
You hit the wight but do no damage. Your bite misses the wight.
The wight is heavily damaged.
The wight hits you with a +5 war axe!
* * * LOW HITPOINT WARNING * * *
You partially resist.
You feel drained.
* * * LOW HITPOINT WARNING * * *
You hit the wight but do no damage.
The wight is heavily damaged.
You block the wight's attack. The wight hits you with a +5 war axe!
* * * LOW HITPOINT WARNING * * *
You partially resist.
You feel drained.
You die...

###### #######
########## .....#
#.....# #........#
..##.# #.###.#
#.######.# ##.#.# #.#
#.# #.# #.#
##..###.###.###@######.#
#............[z....##.#
####
##..##..###.###.###.##.#
#... ##.#.#...###.# #.#
#.##.# #.#.
..##......##.#
#.###.##.# ####.#.
.....#.......#
#...<....# #......
#######.######
#####.#### #.##... ..#
#.# #.# #...... #.# #.#
#.# ####.#.


You could see a wight.

Vanquished Creatures
  A boulder beetle (D:6)
  Sigmund (D:5)
  Eustachio (D:5)
  An ice beast (D:6)
  An ogre (D:6)
  2 phantoms (D:5)
  2 necrophages
  3 scorpions
  A wight (D:6)
  A gnoll bouda (D:6)
  2 orc priests
  A hound (D:6)
  2 jellies
  An iguana (D:5)
  4 orc wizards
  10 gnolls
  7 adders
  A white imp (D:7)
  An ufetubus (D:6)
  4 worms
  13 orcs
  7 ball pythons
  5 bats (D:1)
  5 endoplasms
  5 giant cockroaches
  5 goblins
  5 hobgoblins
  2 jackals (D:1)
  9 kobolds
  A quokka (D:3)
  2 frilled lizards
  4 rats
110 creatures vanquished.

Vanquished Creatures (others)
  An orc wizard (D:4)
1 creature vanquished.

Grand Total: 111 creatures vanquished

Notes
Turn   | Place    | Note
-------+----------+-------------------------------------------
     0 | D:1      | McGhostyFace the Gnoll Wanderer began the quest for the
                  | Orb.
     0 | D:1      | McGhostyFace set off with the following items: a +0 sling,
                  | a +0 ring mail, a scroll of summoning; and the following
                  | spell memorised: Sandblast; and the following spells
                  | available to memorise: Stone Arrow, Animate Armour.
     0 | D:1      | Reached XP level 1. HP: 17/17 MP: 6/6
    70 | D:1      | Found a faded altar of an unknown god.
   173 | D:1      | Reached XP level 2. HP: 22/23 MP: 7/7
   242 | D:1      | Found Vyil Xui's Magic Scroll Shop.
   414 | D:1      | Reached skill level 5 in Spellcasting
   414 | D:1      | Reached XP level 3. HP: 24/28 MP: 7/9
   850 | D:2      | Reached skill level 1 in Invocations
   978 | D:2      | Reached skill level 1 in Short Blades
   978 | D:2      | Reached skill level 1 in Long Blades
   978 | D:2      | Reached skill level 1 in Axes
   978 | D:2      | Reached skill level 1 in Maces & Flails
   978 | D:2      | Reached skill level 1 in Polearms
   978 | D:2      | Reached skill level 1 in Staves
   978 | D:2      | Reached skill level 1 in Throwing
   978 | D:2      | Reached skill level 1 in Dodging
   978 | D:2      | Reached skill level 1 in Stealth
   978 | D:2      | Reached skill level 1 in Shields
   978 | D:2      | Reached skill level 1 in Unarmed Combat
   978 | D:2      | Reached skill level 1 in Evocations
  1146 | D:2      | Found Ithoylygu's Distillery.
  1155 | D:2      | Bought a potion of heal wounds for 60 gold pieces
  1167 | D:2      | Reached XP level 4. HP: 30/34 MP: 11/11
  1702 | D:3      | Noticed a necrophage
  1717 | D:3      | Killed a necrophage
  1718 | D:3      | Reached skill level 1 in Conjurations
  1718 | D:3      | Reached skill level 1 in Hexes
  1718 | D:3      | Reached skill level 1 in Summonings
  1718 | D:3      | Reached skill level 1 in Necromancy
  1718 | D:3      | Reached skill level 1 in Translocations
  1718 | D:3      | Reached skill level 1 in Transmutations
  1718 | D:3      | Reached skill level 1 in Fire Magic
  1718 | D:3      | Reached skill level 1 in Ice Magic
  1718 | D:3      | Reached skill level 1 in Air Magic
  1718 | D:3      | Reached skill level 1 in Poison Magic
  1718 | D:3      | Reached XP level 5. HP: 29/40 MP: 12/12
  1844 | D:3      | You fall into a shaft and drop 2 floors!
  1844 | D:5      | Entered Level 5 of the Dungeon
  1854 | D:5      | Noticed a phantom
  2572 | D:4      | Reached XP level 6. HP: 47/47 MP: 14/14
  2760 | D:4      | Reached skill level 5 in Ranged Weapons
  2760 | D:4      | Reached skill level 5 in Armour
  3075 | D:5      | Noticed Prince Ribbit
  3296 | D:5      | Noticed Eustachio
  3309 | D:5      | Killed Eustachio
  3310 | D:5      | Reached XP level 7. HP: 42/52 MP: 13/15
  3881 | D:5      | Found the Hermit's Pendant {Faith Invo=14 Evo=0 MP+5}
  4030 | D:5      | Identified the +1 kite shield "Uliciwke" {+Blink rN+}
  4037 | D:5      | Reached XP level 8. HP: 60/60 MP: 11/16
  4073 | D:5      | Noticed Sigmund
  4080 | D:5      | Killed Sigmund
  4343 | D:6      | Found a transporter.
  4360 | D:6      | Found a staircase to the Ecumenical Temple.
  4373 | Temple   | Entered the Ecumenical Temple
  4885 | D:6      | Found a bloodstained altar of Trog.
  5269 | D:6      | Found a glowing golden altar of the Shining One.
  5782 | D:6      | Noticed GiantSquids's ghost (novice DrGl)
  5787 | D:6      | Noticed a boulder beetle
  5802 | D:6      | Killed a boulder beetle
  5803 | D:6      | Reached skill level 5 in Fighting
  5803 | D:6      | Reached XP level 9. HP: 68/68 MP: 18/18
  5809 | D:6      | Found a transporter.
  6293 | D:6      | HP: 1/61 [wight/+5 war axe (8)]
  6293 | D:6      | Slain by a wight

Illustrated notes

Levels and vault maps discovered:
D:1:      dpeg_arrival_rooms_c, layout_loops_corners, serial_shops, shop,
          hellmonk_ecumenical_altar_slurped_away
D:2:      layout_basic, serial_shops, nicolae_shop_advertising_works
          [nicolae_subvault_shop_adworks], nicolae_wormholes
D:3:      layout_rooms, feat_on_display, uniq_jessica
D:4:      layout_basic
D:5:      layout_basic, uniq_sigmund, uniq_prince_ribbit1, uniq_eustachio
D:6:      layout_loops_corners, lightli_temple_of_fire, old_standard_altar,
          gammafunk_ghost_stat_death, grunt_ministairs_9
D:7:      layout_cave_pools
Temple:   nicolae_temple_bog_church

Skill      XL: |  1  2  3  4  5  6  7  8 |
---------------+-------------------------+-----
Spellcasting   | 5 6 |  6.6
Invocations    | 1 2 3 4 |  4.7
Short Blades   | 1 2 3 4 |  4.2
Long Blades    | 1 2 3 4 |  4.2
Axes           | 1 2 3 4 |  4.2
Maces & Flails | 1 2 3 4 |  4.2
Polearms       | 1 2 3 4 |  4.2
Staves         | 1 2 3 4 |  4.2
Throwing       | 1 2 3 4 |  4.2
Dodging        | 1 2 3 4 |  4.2
Stealth        | 1 2 3 4 |  4.2
Shields        | 1 2 3 4 |  4.2
Unarmed Combat | 1 2 3 4 |  4.2
Evocations     | 1 2 3 4 |  4.2
Conjurations   | 1 2 3 |  3.5
Hexes          | 1 2 3 |  3.5
Summonings     | 1 2 3 |  3.5
Necromancy     | 1 2 3 |  3.5
Translocations | 1 2 3 |  3.5
Transmutations | 1 2 3 |  3.5
Fire Magic     | 1 2 3 |  3.5
Ice Magic      | 1 2 3 |  3.5
Air Magic      | 1 2 3 |  3.5
Poison Magic   | 1 2 3 |  3.5
Fighting       | 3 4 5 |  5.0
Ranged Weapons | 5 6 |  6.3
Armour         | 5 6 |  6.3
Earth Magic    | 6 |  6.5

Action                   |  1- 3 |  4- 6 |  7- 9 || total
-------------------------+-------+-------+-------++-------
Melee: Rapier            |       |    36 |       ||    36
       Bite              |       |     2 |    17 ||    19
       Sling             |       |     1 |       ||     1
       Whip              |       |    10 |   147 ||   157
 Fire: Sling             |   158 |   112 |    14 ||   284
 Cast: Sandblast         |     1 |    28 |    51 ||    80
Evoke: Wand              |       |     5 |     6 ||    11
  Use: Potion            |       |     1 |       ||     1
       Scroll            |       |     1 |       ||     1
 Stab: Sleeping          |       |       |     1 ||     1
Armor: Ring mail         |    61 |    91 |    38 ||   190
Dodge: Dodged            |    54 |    75 |    48 ||   177
Block: Buckler           |       |       |     4 ||     4
       Kite shield       |       |       |    66 ||    66

Table legend: (Time is in decaauts)
 A = Elapsed time spent in this place.
 B = Non-inter-level travel time spent in this place.
 C = Inter-level travel time spent in this place.
 D = Time resting spent in this place.
 E = Time spent auto-exploring this place.
 F = Levels seen in this place.
 G = Mean time per level.
                   A        B        C        D        E       F      G
               +--------+--------+--------+--------+--------+-----+--------+
         Total |   6437 |   6291 |    146 |   1121 |   3766 |   8 |  804.6 |
       Dungeon |   6179 |   6069 |    110 |   1121 |   3609 |   7 |  882.7 |
        Temple |    258 |    222 |     36 |      0 |    157 |   1 |  258.0 |
               +--------+--------+--------+--------+--------+-----+--------+

Top non-repeatable levels by time:
     D:6: 1864 daAuts
     D:5: 1263 daAuts
     D:4: 1105 daAuts
     D:1: 862 daAuts
     D:2: 816 daAuts
  Temple: 258 daAuts
     D:3: 225 daAuts
     D:7: 42 daAuts
